noty, neutral male human Tourist ----- --------- |<..--- ------.......-- ------- ---- |.....---|.........--..| |.....| .. --..|....|.---------|..| |.._..| --+--.- --.|-.....---- ---- ..... --- ..|-.| --|.........| ----- -|- |..---- ---.-..--- ----.|....| .----...-- |.| --+-.....-+--........--+- -----..|....|.....--- |.| -......--...r@H..........| ------ |..|.............- -.-- .......-|..--------|-- -- |!%%%| --......---...........----- ...{....|--- ....| ....| |........|...|...........-- -.......| ./`.[`| -|- ------....-------...---......- --....--| -------- --.---...-|...-|.. --...| .---...|.--..|...|....|------ --.........|%.--|.. --... -....|........---...-|.(.(| -..........(....-|---+-----..-|..........--... |-...-.(((| -.....{....----..........(....|...`..... |...-|.(((| ..........- --+--.---------.........-- .....|------ ......... |.|.(((| -.......- |....|------ ..------ |.-.(((| -...--- |...--...... --|.(((| --.....---- ----- ------- noty the Excursionist Experience level: 9 Strength: 18/11 Dexterity: 15 Constitution: 17 Intelligence: 14 Wisdom: 9 Charisma: 16 Health: 0(69) Energy: 31(31) Def: 19 Gold: 13 Moves: 16405 Dungeon seed: kVAe9Ht5yDXbIMun Game ID: noty_1467837088 Your Inventory: Coins $ - 13 gold pieces Weapons a - 15 blessed +2 darts (in quiver) D - the blessed rustproof +0 Vorpal Blade (weapon in hand) Armor m - an uncursed +0 mummy wrapping r - an uncursed +0 oilskin cloak (being worn) v - a blessed greased +2 silver dragon scale mail (being worn) y - an uncursed +0 pair of iron shoes (being worn) N - an uncursed +0 dwarvish iron helm (being worn) Y - a blessed rusty +2 dwarvish roundshield (being worn) Comestibles b - an uncursed lizard corpse c - an uncursed tripe ration l - an uncursed sprig of wolfsbane B - 2 uncursed eucalyptus leaves O - an uncursed fortune cookie S - 3 uncursed food rations Scrolls s - a blessed scroll of teleportation w - an uncursed scroll of stinking cloud x - 4 uncursed scrolls of blank paper Z - a blessed scroll of blank paper Potions f - an uncursed potion of extra healing o - an uncursed potion of sleeping Wands d - a wand of opening (0:7) e - a wand of locking (0:5) n - a wand of make invisible (0:4) p - a wand of light (0:12) t - a wand of striking (0:4) C - a wand of sleep (0:6) E - a wand of secret door detection (0:14) F - a blessed wand of polymorph (0:2) M - a wand of teleportation (0:4) T - a wand of sleep (0:5) Tools g - an uncursed oilskin sack i - an expensive camera (0:70) k - an uncursed lock pick q - an uncursed bag of holding z - a magic marker (0:78) A - a +0 unicorn horn K - 5 blessed wax candles (0:400) L - an uncursed brass lantern (0:135) Q - an uncursed towel Gems u - an uncursed amethyst stone Contents of the bag of holding: 2642 gold pieces a +0 long sword an uncursed +0 Hawaiian shirt an uncursed scroll of amnesia a cursed scroll of blank paper an uncursed scroll of create monster 2 cursed scrolls of earth a blessed scroll of enchant armor an uncursed scroll of gold detection an uncursed scroll of identify a cursed scroll of identify an uncursed scroll of light 4 uncursed scrolls of magic mapping an uncursed spellbook of cancellation an uncursed spellbook of create monster an uncursed spellbook of detect monsters an uncursed spellbook of jumping an uncursed potion of blindness an uncursed potion of confusion an uncursed potion of extra healing an uncursed potion of healing 2 potions of holy water 2 uncursed potions of monster detection a cursed ring of hunger an uncursed ring of searching an uncursed ring of sustain ability an uncursed ring of sustain ability an uncursed ring of teleport control an uncursed ring of warning a blessed oil lamp (0:1369) a tinning kit (0:46) Spells and supernatural/magical abilities: Name Level Category Fail Memory j - jumping 1 escape 100% 72% l - light 1 divination 100% 97% n - detect monsters 1 divination 100% 51% C - cancellation 6 matter 100% 51% W - pray for help -- divine ? -- Your skills at the end: Fighting Skills two weapon combat [Basic] wands [Basic] Weapon Skills long sword [Basic] dart [Basic] Spellcasting Skills Final Attributes: You were piously aligned. You were poison resistant. You were telepathic. You were invisible. You had reflection. You were unlucky. You are dead. Vanquished creatures: a guardian naga 2 giant mimics a small mimic a shocking sphere a leather golem a Grey-elf a chameleon a quivering blob a wolf 3 leprechauns 2 orc-captains an iron piercer a mumak a horse a black light a gnome king an orc mummy a dwarf mummy an owlbear 2 yetis a gold golem a werewolf a Green-elf 3 lizards a housecat 2 dwarf lords 2 white unicorns a gray unicorn a black unicorn a dust vortex 2 ravens a snake 4 human zombies 6 soldier ants 2 bugbears 2 imps a quasit a mountain nymph 8 Mordor orcs a rock piercer a rock mole 2 ponies 6 fog clouds 2 yellow lights a shrieker a violet fungus 9 gnome lords 2 gnomish wizards 2 kobold mummies a red naga hatchling a black naga hatchling a guardian naga hatchling 2 barrow wights 2 elf zombies a ghoul a straw golem 3 paper golems 4 giant ants 4 floating eyes 3 kittens 10 dwarves 3 homunculi 2 kobold lords 3 kobold shamans 2 hill orcs 3 rothes 2 rabid rats 2 giant bats 2 orc zombies 2 wererats 2 killer bees an acid blob 3 coyotes 6 gas spores 4 hobbits 8 manes a large kobold 2 hobgoblins 5 giant rats 9 cave spiders 2 brown molds 3 yellow molds a green mold 5 red molds 26 gnomes 11 garter snakes 3 gnome zombies 7 geckos 9 jackals 7 foxes 6 kobolds 10 goblins 12 sewer rats 8 grid bugs 7 bats 4 lichens 4 kobold zombies 13 newts 326 creatures vanquished. Voluntary challenges: You used a wielded weapon 474 times, starting on turn 2892. You read items or engraved 880 times, starting on turn 775. You never genocided any monsters. You never polymorphed an object. You never changed form. You used 1 wish, starting on turn 7975. You did not wish for any artifacts. You never split a pudding. You wrote Elbereth's name 804 times, starting on turn 775. You violated your moral code, losing 68 points of alignment, starting on turn 10740. Dungeon overview: The Dungeons of Doom: levels 1 to 8 Level 1 a fountain a long staircase Level 2 some sinks Level 3 an altar to The Lady, a fountain Level 4 some fountains, a sink stairs to The Gnomish Mines Level 5 a fountain Level 6 many fountains Level 7 a fountain stairs to Sokoban Level 8 a fountain The Gnomish Mines: levels 5 to 8 Level 5 stairs to The Dungeons of Doom Level 6 Level 7 Level 8 <- You were here many shops, a temple to Blind Io, some fountains Sokoban: levels 3 to 6 Level 3 Level 4 Level 5 Level 6 stairs to The Dungeons of Doom History has recorded: On T:1 you entered the Dungeons of Doom to retrieve the Amulet of Yendor! On T:343 you reached level 2 of The Dungeons of Doom. On T:347 you advanced to experience level 2. On T:382 you reached level 3 of The Dungeons of Doom. On T:772 you reached level 4 of The Dungeons of Doom. On T:1024 you advanced to experience level 3. On T:2163 you advanced to experience level 4. On T:2736 you received Vorpal Blade from The Lady. On T:2794 you reached level 5 of The Dungeons of Doom. On T:2939 you reached level 1 of The Gnomish Mines. On T:3347 you advanced to experience level 5. On T:4946 you reached level 2 of The Gnomish Mines. On T:4972 you reached level 3 of The Gnomish Mines. On T:4980 you advanced to experience level 6. On T:5012 you reached level 4 of The Gnomish Mines. On T:5782 you advanced to experience level 7. On T:6428 you reached level 6 of The Dungeons of Doom. On T:7076 you reached level 7 of The Dungeons of Doom. On T:7099 you reached level 8 of The Dungeons of Doom. On T:7975 you wished for "blessed greased fixed +2 silver dragon scale mail". On T:8541 you advanced to experience level 8. On T:10283 you reached level 4 of Sokoban. On T:10945 you reached level 3 of Sokoban. On T:12213 you reached level 2 of Sokoban. On T:12709 you reached level 1 of Sokoban. On T:14901 you advanced to experience level 9. Score breakdown: Gold: 2212 (11378 points) Experience: 9 levels (15756 points) Exploration: 8 levels ( 16.00%) (11338 points) Discoveries: 21 items ( 6.98%) ( 7924 points) Valuables value: (no points given unless you survive) Artifact value: 4000 (12253 points) Variety of kills: 98 monsters ( 25.59%) (15175 points) Turncount: 16405 turns (-3109 points) Survival: died (score multiplied by 80%) Total score: 56572 Latest messages: The ettin misses. The ettin swings his long sword. The ettin misses. You add to the writing in the dust with your fingers. The sewer rat turns to flee! The ettin swings his long sword. The ettin hits! The ettin swings his long sword. The ettin hits! You add to the writing in the dust with your fingers. The ettin swings his long sword. The ettin hits! The ettin swings his long sword. The ettin hits! The sewer rat turns to flee! The ettin swings his long sword. The ettin hits! The ettin swings his long sword. The ettin hits! You die... The oilskin sack is empty. The oilskin sack is empty. Final status: Aloha noty the Tourist, killed by an ettin... You died in The Gnomish Mines on dungeon level 8 with 56572 points, and 2655 pieces of gold, after 16405 moves. You were level 9 with a maximum of 69 hit points when you died.